Unix NetHack Version 5.0.0-0 post-release - last build Jul 14 2026 02:55:29 (1809b74e8187c3a3585e283601c3028b46cbbdcb,branch:main).

Game began 2026-07-17 23:34:36, ended 2026-07-18 00:04:39.

CheBegorr4h, neutral male human Tourist

                              -------                              ----
                              |.....|                               ..
                              |.._..|                       -+-    -.-
                              |.....|   -----              |..|   --.|
                              ---|---   ..-.|         ..---|..|--+-..---
                                |.|     ..|.|     --+-.....-|--........--+-
                                |.|       |.|--- -......--................|
      ------                    -%-       |.-..| .......-|..--------|--  --
      |....|                    ...-----  |.|..| ...{....|--|.=......`|
      |.%..|                    .......---|.|    -.......|  |..%)%.[[[|
      ---|--  ---               ---......-|.|    --....--   --------------
   ------.---...--                   --...|.-     ....... ------ |.......|
   |..|-.%%....@.---                --....|...       -...-|.(((| ..%.-----
   |..-...........r...-+---.-----..-|........         -...-.(((| |.|...|
  -----.....{. .....................|...G.....       |....|.(((| |.....|
  |..............-- --+.-.---------........)-        ....|------ |.--(-|
  ||-----.........|  .....|.(((|  --....)..-.        ....|-.)-----.....|
  |...   -..-------  ...|.-.(((|   .--...-..         ...--.. ...|)..%..+
  |...                  --|.(((|      ...            -.....----........|   %
   ---                    ------                     ------   ----------
CheBegorr4h the Wererat     St:15 Dx:10 Co:11 In:14 Wi:9 Ch:18  Neutral
Dlvl:7  $:744 HP:5(5) Pw:30(30) AC:6  HD:2 T:2365  Overloaded

Latest messages:
 The dart misses the wererat.
 Izchak seems uninterested.
 The wererat bites!
 In what direction? l
 The dart hits the wererat.
 Izchak seems uninterested.
 The wererat bites!
 In what direction? l
 The dart hits the wererat.
 Izchak seems uninterested.
 The wererat misses!
 In what direction? l
 The dart hits the wererat.
 The wererat bites!
 You feel feverish.
 In what direction? l
 The dart hits the wererat.
 Izchak seems uninterested.
 The wererat bites!
 In what direction? l
 The dart misses the wererat.
 Izchak seems uninterested.
 The wererat bites!
 In what direction? l
 The dart hits the wererat.
 The wererat misses!
 In what direction? l
 The dart hits the wererat.
 The wererat bites!
 In what direction? l
 You kill the wererat!
 Izchak seems uninterested.
 a - 6 +2 darts (at the ready) (14 in total).
 You see here a brass lantern (for sale, 11 zorkmids).
 You see here a candle (for sale, 18 zorkmids).
 You see here a lamp (for sale, 9 zorkmids).
 You see here a candle (for sale, 18 zorkmids).
 You see here a lamp (for sale, 9 zorkmids).
 You see here a candle (for sale, 9 zorkmids).
 Badday's ghost touches you!
 You turn into a wererat!
 Your armor falls around you!
 You can't even move a handspan with this load!
 You shrink out of your cloak!
 You become much too small for your shirt!
 Your helm falls to the floor!
 You find you must drop your darts!
 Use the command #monster to summon help.
 Really quit without saving? [yn] (n) y
 Do you want your possessions identified? [ynq] (y) q

Inventory:
 Coins    ('$')
  $ - 744 gold pieces
 Weapons  (')')
  H - 11 poisoned +0 elven arrows
  W - a +0 bow
  a - 14 +2 darts (at the ready)
  U - a +1 dagger
  K - 3 +0 daggers
  f - a +0 elven dagger
 Comestibles  ('%')
  B - 2 uncursed slime molds
  g - an uncursed carrot
  E - an uncursed cram ration
  c - 5 uncursed food rations
  b - an uncursed pancake
 Scrolls  ('?')
  t - an uncursed scroll of enchant weapon named ok
  j - a blessed scroll of magic mapping
  i - 3 uncursed scrolls of magic mapping
 Potions  ('!')
  F - a blessed potion of invisibility
 Rings    ('=')
  w - an uncursed ring of invisibility named ok
  D - an uncursed ring of sustain ability (on left paw)
 Wands    ('/')
  P - a cursed wand of cold (0:6)
  o - a wand of digging (0:3)
  I - a wand of light (0:7)
  r - a wand of magic missile (0:7)
  Q - a wand of slow monster (0:7)
  J - a wand of striking (0:5)
  Y - a wand of striking (0:4)
  R - a cursed wand of striking (0:7)
  O - a cursed wand of teleportation (0:4)
 Tools    ('(')
  e - an uncursed credit card
  l - an expensive camera (0:60)
  d - an uncursed towel
 Gems/Stones  ('*')
  x - an uncursed worthless piece of blue glass
  L - an uncursed worthless piece of red glass
  y - an uncursed worthless piece of violet glass

CheBegorr4h the Tourist's attributes:

Background:
 You were in male wererat form.
 You were actually a Sightseer, a level 5 male human Tourist.
 You were neutral, nominally on a mission for The Lady
 who was opposed by Blind Io (lawful) and Offler (chaotic).
 You were normally right-handed.
 You were in the Gnomish Mines, on level 7.
 You entered the dungeon 2365 turns ago.
 It was the midnight hour.
 There was a new moon in effect when your adventure ended.

Basics:
 You had all 5 hit points.
 You had all 30 energy points (spell power).
 You had 2 hit dice.
 Your armor class was 6.
 Your wallet contained 744 zorkmids.
 Autopickup was on for '$!/(' plus thrown, with exceptions.

Final Characteristics:
 Your strength was 15.
 Your dexterity was 10.
 Your constitution was 11.
 Your intelligence was 14.
 Your wisdom was 9.
 Your charisma was 18.

Final Status:
 You were transformed.
 You weren't hungry.
 You were overloaded; movement was not possible.
 You weren't wielding anything.
 You were unskilled in bare handed combat.
 You weren't wearing any armor.

Final Attributes:
 You were piously aligned.
 You were poison resistant.
 You were level-drain resistant.
 You saw invisible.
 You regenerated.
 You were a wererat in beast form.
 You were harmed by silver.
 You had fixed abilities.
 You survived.

Miscellaneous:
 You encountered 1 bones level.
 Total elapsed playing time was 30 minutes and 2 seconds.

Major events:
 Turn
    1: CheBegorr4h the neutral male human Tourist entered the dungeon
  799: attained the rank of Sightseer (level 3)
 1110: entered the Gnomish Mines
 1493: reached Mine Town
 2365: quit

You didn't know any spells.

Skills:
 Fighting Skills
   bare handed combat [Unskilled]
   two weapon combat  [Unskilled]
   riding             [Unskilled]
 Weapon Skills
   dagger             [Unskilled]
   knife              [Unskilled]
   axe                [Unskilled]
   pick-axe           [Unskilled]
   short sword        [Unskilled]
   broadsword         [Unskilled]
   long sword         [Unskilled]
   two-handed sword   [Unskilled]
   saber              [Unskilled]
   mace               [Unskilled]
   morning star       [Unskilled]
   flail              [Unskilled]
   hammer             [Unskilled]
   quarterstaff       [Unskilled]
   polearms           [Unskilled]
   spear              [Unskilled]
   trident            [Unskilled]
   lance              [Unskilled]
   bow                [Unskilled]
   sling              [Unskilled]
   crossbow           [Unskilled]
   dart               [Basic]
   shuriken           [Unskilled]
   boomerang          [Unskilled]
   whip               [Unskilled]
   unicorn horn       [Unskilled]
 Spellcasting Skills
   divination spells  [Unskilled]
   enchantment spells [Unskilled]
   escape spells      [Unskilled]

Voluntary challenges:
 Character rerolling was not enabled.
 You followed a strict vegan diet.
 You were an atheist.
 You never genocided any monsters.
 You never polymorphed an object.
 You used no wishes.
Achievements:
 You attained the rank of Sightseer.
 You entered the Gnomish Mines.
 You entered Minetown.
 You entered a shop.
 You entered a temple.

 The Dungeons of Doom: levels 1 to 5
    Level 1:
    Level 2:
    Level 3:
       A fountain.
    Level 4:
       Many fountains.
       Stairs down to The Gnomish Mines.
    Level 5:
 The Gnomish Mines: levels 5 to 7
    Level 5:
    Level 6:
       A grave.
       Final resting place for
          badday-Tou-Hum-Fem-Neu, killed by an invisible dwarf.
    Level 7: <- You were here.
       Many shops, a temple and an altar, many fountains.


Vanquished creatures:
  a shrieker
  2 gnome leaders
  2 gnomish wizards
  a straw golem
  4 dwarves
  a hill orc
  a wererat
  2 giant rats
  a cave spider
  a brown mold
 12 gnomes
  4 garter snakes
  2 geckos
  4 jackals
  2 foxes
  4 goblins
  a grid bug
  2 bats
  3 lichens
  3 newts
53 creatures vanquished.

No species were genocided or became extinct.

Aloha CheBegorr4h the Tourist...

You quit in The Gnomish Mines on dungeon level 7 with 1636 points,
and 744 pieces of gold, after 2365 moves.
You were level 5 with a maximum of 33 hit points when you quit.

